 Dungeon Crawl Stone Soup version 0.19-a0-957-gf4ea323 (webtiles) character file.

513 Charly the Slasher (level 7, 0/50 HPs)
             Began as a Human Skald on July 10, 2016.
             Was a Follower of Cheibriados.
             Slain by a giant frog (3 damage)
             ... on level 7 of the Dungeon.
             The game lasted 00:36:48 (1689 turns).

Charly the Slasher (Human Skald)                    Turns: 1689, Time: 00:36:49

Health: 0/50       AC:  0    Str: 14    XL:     7   Next: 43%
Magic:  2/10       EV: 12    Int: 16    God:    Cheibriados [*.....]
Gold:   160        SH:  0    Dex: 15    Spells: 4 memorised, 1 level left

rFire  . . .     SeeInvis .     b - +0 rod of inaccuracy (0/9)
rCold  . . .     Gourm    .     (no armour)
rNeg   . . .     Faith    +     (no shield)
rPois  .         Spirit   .     (no helmet)
rElec  .         Dismiss  .     (no cloak)
rCorr  .         Reflect  .     (no gloves)
SustAt .         Harm     .     (no boots)
MR     +....                    o - amulet of faith
Stlth  +.........               m - ring of protection from magic
                                (no ring)

@: very slow, somewhat resistant to hostile enchantments, very unstealthy
A: no striking features
a: Bend Time, Renounce Religion


You were on level 7 of the Dungeon.
You worshipped Cheibriados.
Cheibriados was aware of your devotion.
You were hungry.

You visited 2 branches of the dungeon, and saw 8 of its levels.

You collected 160 gold pieces.

Inventory:

Hand Weapons
 a - a +3 falchion of holy wrath
Missiles
 i - 11 poisoned needles
Rods
 b - a +0 rod of inaccuracy (0/9) (in hand)
   (You found it on level 3 of the Dungeon)
Jewellery
 f - an uncursed ring of fire
 m - a ring of protection from magic (right hand)
 o - an amulet of faith (around neck)
Scrolls
 e - a scroll of enchant weapon
 g - a scroll of remove curse
 h - a scroll of enchant armour
 j - a scroll of recharging {unknown}
 k - a scroll of identify {unknown}
 n - a scroll of fog {unknown}
Potions
 l - a potion of cure mutation {unknown}
Books
 c - a book of Battle

   Spells                             Type                      Level
   a - Infusion                       Charms                       1
   b - Shroud of Golubria             Charms/Translocation         2
   c - Song of Slaying                Charms                       2
   d - Spectral Weapon                Hexes/Charms                 3
   e - Regeneration                   Charms/Necromancy            3
Comestibles
 d - 3 bread rations


   Skills:
 - Level 2.0 Fighting
 - Level 6.1 Long Blades
 - Level 1.0 Armour
 - Level 1.0 Dodging
 - Level 2.0 Spellcasting
 + Level 2.4 Hexes
 + Level 3.7 Charms
 + Level 2.4 Necromancy


You had one spell level left.
You knew the following spells:

 Your Spells              Type           Power        Failure   Level  Hunger
g - Shroud of Golubria    Chrm/Tloc      #.........   17%         2    ###....
i - Infusion              Chrm           ##..         6%          1    #......
r - Regeneration          Chrm/Necr      ##........   17%         3    ###....
w - Spectral Weapon       Hex/Chrm       ##......     17%         3    ###....


Dungeon Overview and Level Annotations

Branches:
Dungeon (7/15)             Temple (1/1) D:5

Altars:
Ashenzari
Cheibriados
Dithmenos
Elyvilon
Fedhas
Gozag
Hepliaklqana
Makhleb
Nemelex Xobeh
Okawaru
Pakellas
Qazlal
Ru
Sif Muna
Trog
Uskayaw
Vehumet
Xom
Yredelemnul
Zin
The Shining One

Annotations:
D:3 Jano's ghost, amateur DsSk
D:4 exclusion: downstairs, Sigmund


Message History

Press: ? - help, Shift-Dir - straight line, f - ice beast, p - giant frog
Aim: an ice beast The narrow beam of energy misses the giant frog.
The narrow beam of energy misses the ice beast.
The giant frog hits you!
* * * LOW HITPOINT WARNING * * *
As you read the scroll labeled ZITIENW JEUL, it crumbles to dust.
It is a scroll of enchant weapon.
Enchant which weapon? (? for menu, Esc to quit)
Your +2 falchion of holy wrath glows red for a moment.
The giant frog closely misses you. The giant frog hits you!
* * * LOW HITPOINT WARNING * * *
As you read the scroll labeled UMOROQINEPP, it crumbles to dust.
You feel blessed for a moment.
It was a scroll of remove curse.
The giant frog completely misses you.
As you read the scroll labeled CISTRI TUECH, it crumbles to dust.
It is a scroll of enchant armour.
You aren't carrying any armour which can be enchanted further.
The giant frog hits you.
You die...

........# ..........
..##..####### ........
..##..###...###......#
.[....#.......#......#
......#.......#......#
......#.......#......#
.....)'.......#......#
...##.####...##.YF.).#
...##.####...###@###.......
...................#.......
...................#.......
...................#...Y...
##.##.#########.##.#.......
## #.# ### .######## .. ...
..


You could see an ice beast and a giant frog.

Vanquished Creatures
  An ogre (D:6)
  A centaur (D:5)
  An orc priest (D:6)
  2 giant frog skeletons (D:4)
  A gnoll shaman (D:3)
  A hound (D:7)
  2 orc wizards
  A worker ant (Temple)
  6 adders
  3 gnolls
  A worm (D:3)
  A dart slug (D:2)
  5 orcs
  A ball python (D:4)
  2 giant cockroaches
  3 goblins
  A hobgoblin (D:1)
  6 jackals
  3 bats
  A giant gecko skeleton (D:6)
  7 kobolds
  A quokka skeleton (D:4)
51 creatures vanquished.

Notes
Turn   | Place    | Note
-------+----------+-------------------------------------------
     0 | D:1      | Charly the Human Skald began the quest for the Orb.
     0 | D:1      | Reached XP level 1. HP: 16/16 MP: 3/3
    77 | D:2      | Reached XP level 2. HP: 10/22 MP: 1/5
    81 | D:2      | Learned a level 2 spell: Shroud of Golubria
   112 | D:2      | Reached skill level 3 in Long Blades
   272 | D:2      | Reached XP level 3. HP: 19/27 MP: 3/6
   295 | D:2      | Learned a level 3 spell: Regeneration
   325 | D:4      | HP: 1/27 [giant frog skeleton (5)]
   416 | D:4      | Reached skill level 4 in Long Blades
   416 | D:4      | Reached XP level 4. HP: 12/33 MP: 1/7
   422 | D:5      | Entered Level 5 of the Dungeon
   607 | D:4      | Noticed Sigmund
   648 | D:3      | Identified a +0 rod of inaccuracy (9/9) (You found it on level 3 of the Dungeon)
   657 | D:3      | Reached XP level 5. HP: 27/38 MP: 5/8
   682 | D:3      | Noticed Jano's ghost (amateur DsSk)
   741 | D:3      | Found a radiant altar of Vehumet.
   807 | D:4      | Reached skill level 5 in Long Blades
   855 | D:4      | Found a white marble altar of Elyvilon.
   855 | D:4      | Found a shimmering altar of Xom.
   861 | D:4      | Found a blossoming altar of Fedhas.
   909 | D:4      | Found a sparkling altar of Nemelex Xobeh.
   939 | D:4      | Found a shattered altar of Ashenzari.
   953 | D:5      | Noticed a centaur
   972 | D:5      | Killed a centaur
   972 | D:5      | Reached skill level 6 in Long Blades
   972 | D:5      | Reached XP level 6. HP: 44/44 MP: 9/9
   977 | D:5      | Learned a level 3 spell: Spectral Weapon
   977 | D:5      | 38
  1016 | D:5      | Found a staircase to the Ecumenical Temple.
  1022 | Temple   | Entered the Ecumenical Temple
  1027 | Temple   | Became a worshipper of Cheibriados the Contemplative
  1309 | D:6      | Reached skill level 1 in Hexes
  1359 | D:6      | Noticed an ogre
  1376 | D:6      | Killed an ogre
  1376 | D:6      | Reached skill level 1 in Necromancy
  1376 | D:6      | Reached XP level 7. HP: 11/50 MP: 1/10
  1579 | D:6      | Noticed a vampire
  1606 | D:7      | Reached * piety under Cheibriados
  1687 | D:7      | HP: 2/50 [giant frog (8)]
  1689 | D:7      | Slain by a giant frog

Vault maps used:
D:1:      dpeg_arrival_windows_large_door, hex_large
D:2:      kennysheep_goblin_castle, kiku_gazebo_pond_becter, uniq_robin
D:3:      nicolae_overflow_crystal_walls, first_bread, grunt_decor_cap,
          minmay_misc_feat_hallway, nemelex_spade_bored_becter
D:4:      nicolae_overflow_hidden_temple, minivault_5,
          kennysheep_cross_bottleneck, uniq_sigmund
D:6:      corexii_shack_village, chei_slow_surprise
Temple:   minmay_freezing_vapour_temple

Skill      XL: |  1  2  3  4  5  6  7 |
---------------+----------------------+-----
Long Blades    | 3 4 6 |  6.1
Hexes          | 1 2 |  2.4
Necromancy     | 1 2 |  2.4
Fighting       | |  2.0
Armour         | |  1.0
Dodging        | |  1.0
Spellcasting   | |  2.0
Charms         | |  3.7

Action                   |  1- 3 |  4- 6 |  7- 9 || total
-------------------------+-------+-------+-------++-------
Melee: Falchion          |   100 |   118 |    68 ||   286
Throw: Throwing net      |     2 |     1 |       ||     3
 Cast: Infusion          |     4 |     3 |       ||     7
       Shroud of Golubri |     5 |     3 |       ||     8
       Regeneration      |     2 |    12 |     9 ||    23
       Spectral Weapon   |       |     3 |     3 ||     6
Evoke: Rod               |       |     8 |     5 ||    13
  Use: Potion            |       |     4 |       ||     4
       Scroll            |       |       |     3 ||     3
 Stab: Held in net/web   |     1 |       |       ||     1
  Eat: Chunk             |       |     4 |       ||     4
       Fruit             |       |     3 |       ||     3
       Meat ration       |       |     1 |       ||     1
       Beef jerky        |       |       |     1 ||     1
Armor: Leather armour    |    17 |       |       ||    17
Dodge: Dodged            |    48 |    62 |    36 ||   146
